Philadelphia Flyers vs Washington Capitals
Created - Saturday, April 1, 2023 at 11:08
Goals
|
| Philadelphia Flyers |
0 |
1 |
1 |
0 |
0 |
2 |
| Washington Capitals |
0 |
1 |
1 |
0 |
1 |
3 |
|
Shots
|
| Philadelphia Flyers |
5 |
4 |
12 |
0 |
5 |
21 |
| Washington Capitals |
7 |
13 |
7 |
2 |
5 |
29 |
|
1st period
No Goal
Penalties :
Patrick Kane (WSH) for Tripping (Minor) at 10:44, Yanni Gourde (PHI) for Close Hand On Puck (Minor) at 10:52
2nd period
1. Washington Capitals , Brad Marchand 12 (Jason Robertson 9, Nico Hischier 9) at 9:09
2. Philadelphia Flyers , Riley Sheahan 3 (Marcus Johansson 5, Justin Faulk 6) at 9:45
Penalties :
Brad Marchand (WSH) for Tripping (Minor) at 13:45, Nikita Zaitsev (WSH) for Hooking (Minor) at 17:10
3rd period
3. Philadelphia Flyers , Justin Faulk 2 (Yanni Gourde 9, Linus Ullmark) at 2:56 (PP)
4. Washington Capitals , Nick Jensen 1 (Brayden Point 14, Owen Tippett 3) at 6:24
Penalties :
Ian Cole (WSH) for Tripping (Minor) at 2:47, Dylan DeMelo (WSH) for Boarding (Minor) at 15:53
Overtime #1
No Goal
Penalties :
No Penalty
Shootout
Philadelphia Flyers, Evgenii Dadonov - Shot Misses the Net
Washington Capitals, Brayden Point - Stopped by Linus Ullmark
Philadelphia Flyers, Evan Rodrigues - Stopped by Jake Oettinger
Washington Capitals, Alex Ovechkin - Stopped by Linus Ullmark
Philadelphia Flyers, Calle Jarnkrok - Shot Misses the Net
Washington Capitals, Patrick Kane - Stopped by Linus Ullmark
Philadelphia Flyers, Ben Chiarot - Stopped by Jake Oettinger
Washington Capitals, Brad Marchand - Stopped by Linus Ullmark
Philadelphia Flyers, Matt Roy - Stopped by Jake Oettinger
Washington Capitals, Jason Robertson - Goal!
Penalties :
No Penalty
Goalie Stats
Linus Ullmark (PHI), 27 saves from 29 shots - (0.931), OTL, 4-6-1, 65:00 minutes
Jake Oettinger (WSH), 19 saves from 21 shots - (0.905), W, 7-6-1, 65:00 minutes
Players Stats for Philadelphia Flyers
Player Name G A P +/- PIM S H SB GA TA FO MP PP MP PK MP
------------------------------------------------------------------------------------
Alexander Barabanov 0 0 0 0 0 1 0 0 0 0 0/0 16:33 0:00 0:00
Alexander Edler 0 0 0 0 0 1 1 4 1 1 0/0 20:35 3:37 0:06
Ben Chiarot 0 0 0 -1 0 0 1 0 0 1 0/0 20:13 0:00 0:02
Calle Jarnkrok 0 0 0 -2 0 0 0 1 0 0 1/4 10:30 0:00 0:06
Carter Verhaeghe 0 0 0 0 0 3 3 0 3 1 2/4 20:45 2:06 0:02
Derrick Pouliot 0 0 0 0 0 0 0 2 0 1 0/0 18:43 2:37 0:00
Elias Lindholm 0 0 0 0 0 3 1 0 1 1 12/26 22:42 4:08 0:00
Evan Rodrigues 0 0 0 0 0 2 0 0 0 0 0/1 17:41 2:06 0:00
Evgenii Dadonov 0 0 0 -2 0 1 3 0 0 0 0/0 12:26 2:06 0:00
Justin Faulk 1 1 2 0 0 1 2 0 0 0 0/0 25:20 3:37 0:00
Marcus Johansson 0 1 1 1 0 0 0 0 0 0 0/1 12:34 0:00 0:08
Matt Roy 0 0 0 0 0 2 2 2 0 1 0/0 22:01 0:00 0:06
Oliver Ekman-Larsson 0 0 0 -1 0 1 2 1 0 1 0/0 23:08 2:37 0:02
Riley Sheahan 1 0 1 1 0 2 0 0 0 0 3/5 10:28 0:00 0:00
T.J. Tynan 0 0 0 1 0 0 0 1 0 0 0/0 10:10 0:00 0:00
Tomas Tatar 0 0 0 -2 0 1 0 0 0 0 0/0 10:17 0:00 0:00
Tyler Bertuzzi 0 0 0 0 0 1 4 1 1 0 1/2 22:24 4:08 0:00
Yanni Gourde 0 1 1 0 2 2 2 2 0 0 8/24 21:30 4:07 0:00
Players Stats for Washington Capitals
Player Name G A P +/- PIM S H SB GA TA FO MP PP MP PK MP
------------------------------------------------------------------------------------
Alex Ovechkin 0 0 0 0 0 2 1 1 0 0 1/1 24:30 0:00 3:56
Barrett Hayton 0 0 0 0 0 1 0 2 0 0 2/4 12:17 0:00 0:15
Brad Marchand 1 0 1 0 2 6 5 0 0 0 0/0 20:33 0:08 1:20
Brayden Point 0 1 1 1 0 6 5 1 0 0 27/40 28:43 0:00 3:55
Connor Murphy 0 0 0 1 0 0 2 0 0 2 0/0 24:29 0:08 3:02
Drake Batherson 0 0 0 0 0 2 0 0 0 0 0/0 13:31 0:00 0:00
Dylan DeMelo 0 0 0 1 2 0 1 0 0 0 0/0 14:09 0:00 1:14
Fabian Zetterlund 0 0 0 1 0 0 0 0 1 0 0/1 4:39 0:00 0:00
Ian Cole 0 0 0 1 2 1 3 0 0 1 0/0 18:04 0:00 0:45
Isac Lundestrom 0 0 0 0 0 0 0 0 0 0 0/1 3:31 0:03 0:00
Jason Robertson 0 1 1 0 0 2 1 1 0 1 0/2 16:34 0:05 0:00
John Carlson 0 0 0 -1 0 1 2 2 1 0 0/0 19:58 0:00 2:28
Jordan Kyrou 0 0 0 0 0 1 1 0 1 0 0/0 14:56 0:00 1:24
Nick Jensen 1 0 1 1 0 2 2 0 0 1 0/0 23:10 0:08 2:13
Nico Hischier 0 1 1 0 0 1 1 0 2 0 7/14 16:54 0:05 0:00
Nikita Zaitsev 0 0 0 -1 2 1 1 1 0 0 0/0 29:48 0:00 2:46
Owen Tippett 0 1 1 1 0 0 0 0 0 0 0/1 4:39 0:00 0:00
Patrick Kane 0 0 0 0 2 3 3 1 2 1 3/3 21:25 0:03 1:38
3 Stars
1 - Justin Faulk (PHI)
2 - Nick Jensen (WSH)
3 - Brayden Point (WSH)
Power Play
Philadelphia Flyers - 1 on 5 Attempt(s) - 20.00%
Washington Capitals - 0 on 1 Attempt(s) - 0.00%
Penalty Kill
Philadelphia Flyers - 1 on 1 Attempt(s) - 100.00%
- Score 0 goal in Penalty Kill
Washington Capitals - 4 on 5 Attempt(s) - 80.00%
- Score 0 goal in Penalty Kill
Team Stat
Philadelphia Flyers - Hits : 21 - Faceoff Wins : 27 - Blocked Shots : 14 - Penalty Minutes : 2
Washington Capitals - Hits : 28 - Faceoff Wins : 40 - Blocked Shots : 9 - Penalty Minutes : 10
Official
Referees : Eric Furlatt and Dean Morton
Linesman : Don Henderson and Mark Shewchyk
Game Notes
John Carlson is injured at 2:42 of 3rd period (Bruised Right Foot)
Finance
Level 1 -- Attendance: 5466 (91.10%) -- Ticket Income $530,202
Level 2 -- Attendance: 5000 (100.00%) -- Ticket Income $285,000
Level 3 -- Attendance: 3000 (100.00%) -- Ticket Income $102,000
Level 4 -- Attendance: 5000 (100.00%) -- Ticket Income $115,000
Luxury Box -- Attendance: 825 (82.50%) -- Ticket Income $162,525
Game was played at the Verizon Center.
Total Attendance: 19291 (96.46%)
Total Ticket Income: $1,194,727
Other Income: $418,154
Total Income: $1,612,881
Philadelphia Flyers
5 vs 5 Forward
Center Left Wing Right Wing Time % Phy DF OF
1 Elias Lindholm Tyler Bertuzzi Alexander Barabanov 30 1 1 3
2 Yanni Gourde Carter Verhaeghe Evan Rodrigues 30 1 1 3
3 Calle Jarnkrok Tomas Tatar Evgenii Dadonov 20 0 3 2
4 Riley Sheahan T.J. Tynan Marcus Johansson 20 0 3 1
5 vs 5 Defense
Defense Defense Time % Phy DF OF
1 Justin Faulk Matt Roy 35 1 2 2
2 Oliver Ekman-Larsson Ben Chiarot 35 1 2 2
3 Alexander Edler Derrick Pouliot 30 1 2 2
4 Justin Faulk Matt Roy 0 1 2 2
PowerPlay Forward
Center Left Wing Right Wing Time % Phy DF OF
1 Elias Lindholm Tyler Bertuzzi Yanni Gourde 55 0 1 4
2 Evan Rodrigues Carter Verhaeghe Evgenii Dadonov 45 0 1 4
PowerPlay Defense
Defense Defense Time % Phy DF OF
1 Justin Faulk Alexander Edler 55 0 1 4
2 Oliver Ekman-Larsson Derrick Pouliot 45 0 1 4
Penalty Kill 4 Players Forward
Center Wing Time % Phy DF OF
1 Yanni Gourde Calle Jarnkrok 55 0 4 1
2 Elias Lindholm Tyler Bertuzzi 45 0 4 1
Penalty Kill 4 Players Defense
Defense Defense Time % Phy DF OF
1 Ben Chiarot Oliver Ekman-Larsson 50 0 4 1
2 Matt Roy Alexander Edler 50 0 4 1
Penalty Kill - 3 Players Forward
Forward Time % Phy DF OF
1 Yanni Gourde 50 0 4 1
2 Calle Jarnkrok 50 0 4 1
Penalty Kill - 3 Players Defense
Defense Defense Time % Phy DF OF
1 Ben Chiarot Oliver Ekman-Larsson 50 0 5 0
2 Matt Roy Alexander Edler 50 0 5 0
4 vs 4 Forward
Center Wing Time % Phy DF OF
1 Elias Lindholm Tyler Bertuzzi 50 1 1 3
2 Yanni Gourde Carter Verhaeghe 50 1 1 3
4 vs 4 Defense
Defense Defense Time % Phy DF OF
1 Justin Faulk Matt Roy 50 1 2 2
2 Oliver Ekman-Larsson Ben Chiarot 50 1 2 2
Last Minutes Offensive
Center Left Wing Right Wing Defense Defense
Elias Lindholm Tyler Bertuzzi Carter Verhaeghe Justin Faulk Oliver Ekman-Larsson
Last Minutes Defensive
Center Left Wing Right Wing Defense Defense
Elias Lindholm Tyler Bertuzzi Yanni Gourde Ben Chiarot Matt Roy
Goaltenders
Starting : Linus Ullmark
Backup : Mackenzie Blackwood
Extra Forwards
Normal : Elias Lindholm, Yanni Gourde, Carter Verhaeghe - PP : Elias Lindholm, Yanni Gourde - PK : Elias Lindholm
Extra Defensemen
Normal : Justin Faulk, Oliver Ekman-Larsson, Alexander Edler - PP : Justin Faulk - PK : Ben Chiarot, Alexander Edler
Penalty Shots
Evgenii Dadonov, Evan Rodrigues, Calle Jarnkrok, Ben Chiarot, Matt Roy
Washington Capitals
5 vs 5 Forward
Center Left Wing Right Wing Time % Phy DF OF
1 Brayden Point Alex Ovechkin Patrick Kane 40 1 2 2
2 Nico Hischier Brad Marchand Jason Robertson 30 1 2 2
3 Barrett Hayton Jordan Kyrou Drake Batherson 20 1 2 2
4 Fabian Zetterlund Owen Tippett Brayden Point 10 1 2 2
5 vs 5 Defense
Defense Defense Time % Phy DF OF
1 John Carlson Nikita Zaitsev 40 1 2 2
2 Connor Murphy Nick Jensen 30 1 2 2
3 Ian Cole Dylan DeMelo 20 1 2 2
4 John Carlson Nikita Zaitsev 10 1 2 2
PowerPlay Forward
Center Left Wing Right Wing Time % Phy DF OF
1 Brayden Point Alex Ovechkin Patrick Kane 60 1 2 2
2 Nico Hischier Brad Marchand Jason Robertson 40 1 2 2
PowerPlay Defense
Defense Defense Time % Phy DF OF
1 John Carlson Nikita Zaitsev 60 1 2 2
2 Connor Murphy Nick Jensen 40 1 2 2
Penalty Kill 4 Players Forward
Center Wing Time % Phy DF OF
1 Brayden Point Alex Ovechkin 60 1 2 2
2 Patrick Kane Brad Marchand 40 1 2 2
Penalty Kill 4 Players Defense
Defense Defense Time % Phy DF OF
1 John Carlson Nikita Zaitsev 60 1 2 2
2 Connor Murphy Nick Jensen 40 1 2 2
Penalty Kill - 3 Players Forward
Forward Time % Phy DF OF
1 Brayden Point 60 1 2 2
2 Alex Ovechkin 40 1 2 2
Penalty Kill - 3 Players Defense
Defense Defense Time % Phy DF OF
1 John Carlson Nikita Zaitsev 60 1 2 2
2 Connor Murphy Nick Jensen 40 1 2 2
4 vs 4 Forward
Center Wing Time % Phy DF OF
1 Brayden Point Alex Ovechkin 60 1 2 2
2 Patrick Kane Brad Marchand 40 1 2 2
4 vs 4 Defense
Defense Defense Time % Phy DF OF
1 John Carlson Nikita Zaitsev 60 1 2 2
2 Connor Murphy Nick Jensen 40 1 2 2
Last Minutes Offensive
Center Left Wing Right Wing Defense Defense
Brayden Point Alex Ovechkin Patrick Kane John Carlson Nikita Zaitsev
Last Minutes Defensive
Center Left Wing Right Wing Defense Defense
Brayden Point Alex Ovechkin Patrick Kane John Carlson Nikita Zaitsev
Goaltenders
Starting : Jake Oettinger
Backup : Vitek Vanecek
Extra Forwards
Normal : Isac Lundestrom, Drake Batherson, Jordan Kyrou - PP : Isac Lundestrom, Drake Batherson - PK : Jordan Kyrou
Extra Defensemen
Normal : Ian Cole, Dylan DeMelo, Connor Murphy - PP : Ian Cole - PK : Dylan DeMelo, Connor Murphy
Penalty Shots
Brayden Point, Alex Ovechkin, Patrick Kane, Brad Marchand, Jason Robertson
% Time on Ice - Philadelphia Flyers
Lines # - Real PCT - Wanted PCT - Time Play
Normal Forward
1 - 31% - 30% - 16:05
2 - 30% - 30% - 15:42
3 - 19% - 20% - 9:50
4 - 20% - 20% - 10:10
Normal Defense
1 - 35% - 35% - 18:19
2 - 36% - 35% - 18:34
3 - 29% - 30% - 14:54
4 - 0% - 0% - 0:00
PP Forward
1 - 66% - 55% - 4:08
2 - 34% - 45% - 2:06
PP Defense
1 - 58% - 55% - 3:37
2 - 42% - 45% - 2:37
PK Forward
1 - 75% - 55% - 0:06
2 - 25% - 45% - 0:02
PK Defense
1 - 0% - 50% - 0:00
2 - 100% - 50% - 0:08
PK3 Forward
1 - 0% - 50%
2 - 0% - 50%
PK3 Defense
1 - 0% - 50%
2 - 0% - 50%
44 Forward
1 - 51% - 50% - 3:30
2 - 49% - 50% - 3:21
44 Defense
1 - 50% - 50% - 3:24
2 - 50% - 50% - 3:27
Last Minute Offensive - 0:00
Last Minute Defensive - 0:00
Total
Forward - 65:00
Defense - 65:00
|
% Time on Ice - Washington Capitals
Lines # - Real PCT - Wanted PCT - Time Play
Normal Forward
1 - 34% - 40% - 17:43
2 - 34% - 30% - 17:23
3 - 23% - 20% - 12:02
4 - 9% - 10% - 4:39
Normal Defense
1 - 41% - 40% - 21:22
2 - 34% - 30% - 17:48
3 - 18% - 20% - 9:05
4 - 7% - 10% - 3:32
PP Forward
1 - 0% - 60% - 0:00
2 - 100% - 40% - 0:08
PP Defense
1 - 0% - 60% - 0:00
2 - 100% - 40% - 0:08
PK Forward
1 - 74% - 60% - 4:36
2 - 26% - 40% - 1:38
PK Defense
1 - 74% - 60% - 4:36
2 - 26% - 40% - 1:38
PK3 Forward
1 - 0% - 60%
2 - 0% - 40%
PK3 Defense
1 - 0% - 60%
2 - 0% - 40%
44 Forward
1 - 73% - 60% - 5:02
2 - 27% - 40% - 1:49
44 Defense
1 - 73% - 60% - 4:59
2 - 27% - 40% - 1:52
Last Minute Offensive - 0:00
Last Minute Defensive - 0:00
Total
Forward - 65:00
Defense - 65:00
|
Play-by-Play
1st period
0:01 of 1st period - Brayden Point wins face-off versus Elias Lindholm in neutral zone.
0:12 of 1st period - Wrist shot by Brayden Point.
0:12 of 1st period - Shot Blocked by Matt Roy.
0:35 of 1st period - Nikita Zaitsev is hit by Yanni Gourde and loses puck.
1:10 of 1st period - Ben Chiarot is hit by Nick Jensen and loses puck.
1:31 of 1st period - Ben Chiarot is hit by Brad Marchand and loses puck.
2:37 of 1st period - Barrett Hayton is hit by Evgenii Dadonov.
2:44 of 1st period - Icing by Calle Jarnkrok.
2:45 of 1st period - Elias Lindholm wins face-off versus Brayden Point in Philadelphia Flyers zone.
3:18 of 1st period - Carter Verhaeghe is hit by Connor Murphy and loses puck.
4:01 of 1st period - Backhand shot by Elias Lindholm.
4:01 of 1st period - Shot Blocked by John Carlson.
4:17 of 1st period - Backhand shot by Nico Hischier.
4:17 of 1st period - Shot Blocked by Matt Roy.
4:27 of 1st period - Snap shot by Evan Rodrigues.
4:27 of 1st period - Shot Misses the Net.
5:18 of 1st period - Nick Jensen is hit by Tyler Bertuzzi and loses puck.
5:34 of 1st period - Nico Hischier is hit by Evgenii Dadonov and loses puck.
7:08 of 1st period - T.J. Tynan is hit by Ian Cole and loses puck.
7:28 of 1st period - Wrist shot by Carter Verhaeghe.
7:28 of 1st period - Stopped by Jake Oettinger without a rebound.
7:29 of 1st period - Tyler Bertuzzi wins face-off versus Nico Hischier in Washington Capitals zone.
7:55 of 1st period - Snap shot by Drake Batherson.
7:55 of 1st period - Shot Misses the Net.
8:15 of 1st period - Snap shot by T.J. Tynan.
8:15 of 1st period - Shot Misses the Net.
9:03 of 1st period - Snap shot by Evan Rodrigues.
9:03 of 1st period - Stopped by Jake Oettinger without a rebound.
9:04 of 1st period - Nico Hischier wins face-off versus Yanni Gourde in Washington Capitals zone.
9:09 of 1st period - Snap shot by Brad Marchand.
9:09 of 1st period - Stopped by Linus Ullmark without a rebound.
9:10 of 1st period - Elias Lindholm wins face-off versus Nico Hischier in Philadelphia Flyers zone.
9:43 of 1st period - Snap shot by Brayden Point.
9:43 of 1st period - Stopped by Linus Ullmark without a rebound.
9:44 of 1st period - Brayden Point wins face-off versus Yanni Gourde in Philadelphia Flyers zone.
10:11 of 1st period - Nick Jensen is hit by Oliver Ekman-Larsson and loses puck.
10:20 of 1st period - Snap shot by Brad Marchand.
10:20 of 1st period - Stopped by Linus Ullmark without a rebound.
10:21 of 1st period - Riley Sheahan wins face-off versus Brayden Point in Philadelphia Flyers zone.
10:21 of 1st period - Riley Sheahan is hit by Patrick Kane.
10:44 of 1st period - Minor Penalty to Patrick Kane for Tripping.
10:45 of 1st period - Brayden Point wins face-off versus Yanni Gourde in Washington Capitals zone.
10:52 of 1st period - Minor Penalty to Yanni Gourde for Close Hand On Puck.
10:53 of 1st period - Brayden Point wins face-off versus Tyler Bertuzzi in Philadelphia Flyers zone.
11:04 of 1st period - Wrist shot by Elias Lindholm.
11:04 of 1st period - Stopped by Jake Oettinger with a rebound.
11:06 of 1st period - Wrist shot by Justin Faulk.
11:06 of 1st period - Shot Misses the Net.
11:08 of 1st period - Snap shot by Tyler Bertuzzi.
11:08 of 1st period - Stopped by Jake Oettinger without a rebound.
11:09 of 1st period - Elias Lindholm wins face-off versus Brayden Point in Washington Capitals zone.
11:10 of 1st period - Snap shot by Carter Verhaeghe.
11:10 of 1st period - Shot Misses the Net.
11:12 of 1st period - Snap shot by Carter Verhaeghe.
11:12 of 1st period - Stopped by Jake Oettinger with a rebound.
11:58 of 1st period - Brayden Point is hit by Carter Verhaeghe and loses puck.
12:08 of 1st period - Off-side.
12:09 of 1st period - Elias Lindholm wins face-off versus Isac Lundestrom in neutral zone.
12:44 of 1st period - Penalty to Patrick Kane is over, Patrick Kane is back on ice.
12:52 of 1st period - Penalty to Yanni Gourde is over, Yanni Gourde is back on ice.
12:54 of 1st period - Backhand shot by Jason Robertson.
12:54 of 1st period - Shot Misses the Net.
12:56 of 1st period - Snap shot by Brad Marchand.
12:56 of 1st period - Shot Blocked by Calle Jarnkrok.
12:58 of 1st period - Slapshot by Nick Jensen.
12:58 of 1st period - Shot Blocked by Yanni Gourde.
13:28 of 1st period - Tyler Bertuzzi is hit by Brayden Point and loses puck.
13:50 of 1st period - Slapshot by Jason Robertson.
13:50 of 1st period - Shot Misses the Net.
14:07 of 1st period - Icing by John Carlson.
14:08 of 1st period - Elias Lindholm wins face-off versus Barrett Hayton in Washington Capitals zone.
14:43 of 1st period - Snap shot by Drake Batherson.
14:43 of 1st period - Deflect By Jordan Kyrou.
14:43 of 1st period - Stopped by Linus Ullmark without a rebound.
14:44 of 1st period - Brayden Point wins face-off versus Calle Jarnkrok in Philadelphia Flyers zone.
15:08 of 1st period - Icing by Connor Murphy.
15:09 of 1st period - Brayden Point wins face-off versus Yanni Gourde in Washington Capitals zone.
15:38 of 1st period - Matt Roy is hit by Alex Ovechkin and loses puck.
16:01 of 1st period - Wrist shot by Barrett Hayton.
16:01 of 1st period - Stopped by Linus Ullmark without a rebound.
16:02 of 1st period - Alex Ovechkin wins face-off versus Carter Verhaeghe in Philadelphia Flyers zone.
16:17 of 1st period - Snap shot by Yanni Gourde.
16:17 of 1st period - Shot Blocked by Nikita Zaitsev.
16:38 of 1st period - Slapshot by Brad Marchand.
16:38 of 1st period - Shot Misses the Net.
17:12 of 1st period - Snap shot by Alex Ovechkin.
17:12 of 1st period - Deflect By Patrick Kane.
17:12 of 1st period - Stopped by Linus Ullmark with a rebound.
17:18 of 1st period - Slapshot by Alex Ovechkin.
17:18 of 1st period - Stopped by Linus Ullmark with a rebound.
17:32 of 1st period - Yanni Gourde is hit by Jason Robertson and loses puck.
17:41 of 1st period - Carter Verhaeghe is hit by Brad Marchand and loses puck.
18:43 of 1st period - Nick Jensen is hit by Evgenii Dadonov.
18:53 of 1st period - Alex Ovechkin is hit by Tyler Bertuzzi and loses puck.
19:11 of 1st period - Off-side.
19:12 of 1st period - Yanni Gourde wins face-off versus Barrett Hayton in neutral zone.
Goals for this period are 0 for Philadelphia Flyers vs 0 for Washington Capitals.
Shots for this period are 5 for Philadelphia Flyers vs 7 for Washington Capitals.
2nd period
0:01 of 2nd period - Brayden Point wins face-off versus Yanni Gourde in neutral zone.
0:26 of 2nd period - Justin Faulk is hit by Brad Marchand and loses puck.
1:11 of 2nd period - Slapshot by Elias Lindholm.
1:11 of 2nd period - Stopped by Jake Oettinger without a rebound.
1:12 of 2nd period - Brayden Point wins face-off versus Yanni Gourde in Washington Capitals zone.
1:12 of 2nd period - Brayden Point is hit by Carter Verhaeghe.
1:18 of 2nd period - Slapshot by John Carlson.
1:18 of 2nd period - Shot Blocked by Alexander Edler.
1:38 of 2nd period - Derrick Pouliot is hit by Brad Marchand and loses puck.
2:40 of 2nd period - Icing by Nick Jensen.
2:41 of 2nd period - Carter Verhaeghe wins face-off versus Jason Robertson in Washington Capitals zone.
3:35 of 2nd period - Slapshot by Jordan Kyrou.
3:35 of 2nd period - Shot Misses the Net.
3:37 of 2nd period - Wrist shot by Barrett Hayton.
3:37 of 2nd period - Shot Blocked by Alexander Edler.
3:39 of 2nd period - Wrist shot by Drake Batherson.
3:39 of 2nd period - Stopped by Linus Ullmark without a rebound.
3:40 of 2nd period - Brayden Point wins face-off versus Yanni Gourde in Philadelphia Flyers zone.
3:41 of 2nd period - Snap shot by Patrick Kane.
3:41 of 2nd period - Stopped by Linus Ullmark without a rebound.
3:42 of 2nd period - Yanni Gourde wins face-off versus Brayden Point in Philadelphia Flyers zone.
3:42 of 2nd period - Yanni Gourde is hit by Brayden Point.
3:52 of 2nd period - Snap shot by Brayden Point.
3:52 of 2nd period - Stopped by Linus Ullmark with a rebound.
4:07 of 2nd period - Off-side.
4:08 of 2nd period - Riley Sheahan wins face-off versus Nico Hischier in neutral zone.
4:20 of 2nd period - Snap shot by Nico Hischier.
4:20 of 2nd period - Shot Misses the Net.
4:34 of 2nd period - Riley Sheahan is hit by Brayden Point and loses puck.
4:39 of 2nd period - Wrist shot by Patrick Kane.
4:39 of 2nd period - Deflect By Marcus Johansson.
4:39 of 2nd period - Shot Misses the Net.
4:39 of 2nd period - Puck is out of play.
4:40 of 2nd period - Elias Lindholm wins face-off versus Brayden Point in Philadelphia Flyers zone.
5:16 of 2nd period - Slapshot by Alex Ovechkin.
5:16 of 2nd period - Shot Blocked by Derrick Pouliot.
5:18 of 2nd period - Slapshot by John Carlson.
5:18 of 2nd period - Stopped by Linus Ullmark with a rebound.
5:42 of 2nd period - Snap shot by Alex Ovechkin.
5:42 of 2nd period - Deflect By Brayden Point.
5:42 of 2nd period - Shot Misses the Net.
5:42 of 2nd period - Puck is out of play.
5:43 of 2nd period - Yanni Gourde wins face-off versus Nico Hischier in Philadelphia Flyers zone.
5:48 of 2nd period - Wrist shot by Nico Hischier.
5:48 of 2nd period - Stopped by Linus Ullmark without a rebound.
5:49 of 2nd period - Nico Hischier wins face-off versus Yanni Gourde in Philadelphia Flyers zone.
7:11 of 2nd period - Off-side.
7:12 of 2nd period - Barrett Hayton wins face-off versus Elias Lindholm in neutral zone.
7:15 of 2nd period - Snap shot by Drake Batherson.
7:15 of 2nd period - Shot Blocked by Alexander Edler.
7:29 of 2nd period - Wrist shot by Elias Lindholm.
7:29 of 2nd period - Shot Misses the Net.
7:55 of 2nd period - Snap shot by Drake Batherson.
7:55 of 2nd period - Shot Blocked by Alexander Edler.
7:57 of 2nd period - Snap shot by Nikita Zaitsev.
7:57 of 2nd period - Shot Blocked by Derrick Pouliot.
7:59 of 2nd period - Snap shot by Drake Batherson.
7:59 of 2nd period - Stopped by Linus Ullmark with a rebound.
8:01 of 2nd period - Snap shot by Jordan Kyrou.
8:01 of 2nd period - Shot Misses the Net.
8:28 of 2nd period - Off-side.
8:29 of 2nd period - Brayden Point wins face-off versus Carter Verhaeghe in neutral zone.
9:09 of 2nd period - Slapshot by Jason Robertson.
9:09 of 2nd period - Deflect By Brad Marchand.
9:09 of 2nd period - Goal by Brad Marchand - Philadelphia Flyers : 0 - Washington Capitals : 1.
9:10 of 2nd period - Brayden Point wins face-off versus Yanni Gourde in neutral zone.
9:22 of 2nd period - Matt Roy is hit by Patrick Kane and loses puck.
9:43 of 2nd period - Wrist shot by Riley Sheahan.
9:43 of 2nd period - Stopped by Jake Oettinger with a rebound.
9:45 of 2nd period - Snap shot by Riley Sheahan.
9:45 of 2nd period - Goal by Riley Sheahan - Philadelphia Flyers : 1 - Washington Capitals : 1.
9:46 of 2nd period - Brayden Point wins face-off versus Calle Jarnkrok in neutral zone.
10:19 of 2nd period - Snap shot by Brayden Point.
10:19 of 2nd period - Stopped by Linus Ullmark with a rebound.
10:21 of 2nd period - Snap shot by Patrick Kane.
10:21 of 2nd period - Shot Blocked by T.J. Tynan.
10:23 of 2nd period - Slapshot by Nikita Zaitsev.
10:23 of 2nd period - Stopped by Linus Ullmark without a rebound.
10:24 of 2nd period - Nico Hischier wins face-off versus Yanni Gourde in Philadelphia Flyers zone.
10:39 of 2nd period - Snap shot by Brad Marchand.
10:39 of 2nd period - Stopped by Linus Ullmark with a rebound.
11:19 of 2nd period - Slapshot by Alex Ovechkin.
11:19 of 2nd period - Stopped by Linus Ullmark without a rebound.
11:20 of 2nd period - Patrick Kane wins face-off versus Calle Jarnkrok in Philadelphia Flyers zone.
11:25 of 2nd period - Snap shot by Brayden Point.
11:25 of 2nd period - Deflect By Tomas Tatar.
11:25 of 2nd period - Shot Misses the Net.
11:25 of 2nd period - Puck is out of play.
11:26 of 2nd period - Brayden Point wins face-off versus Yanni Gourde in Philadelphia Flyers zone.
11:37 of 2nd period - Snap shot by Brayden Point.
11:37 of 2nd period - Shot Misses the Net.
11:42 of 2nd period - Matt Roy is hit by John Carlson and loses puck.
13:21 of 2nd period - Snap shot by Evgenii Dadonov.
13:21 of 2nd period - Deflect By Tomas Tatar.
13:21 of 2nd period - Shot Blocked by Barrett Hayton.
13:21 of 2nd period - Puck is out of play.
13:22 of 2nd period - Elias Lindholm wins face-off versus Nico Hischier in Washington Capitals zone.
13:27 of 2nd period - Wrist shot by Elias Lindholm.
13:27 of 2nd period - Stopped by Jake Oettinger with a rebound.
13:45 of 2nd period - Minor Penalty to Brad Marchand for Tripping.
13:46 of 2nd period - Elias Lindholm wins face-off versus Brayden Point in Washington Capitals zone.
13:56 of 2nd period - Snap shot by Elias Lindholm.
13:56 of 2nd period - Shot Blocked by Alex Ovechkin.
13:58 of 2nd period - Snap shot by Tyler Bertuzzi.
13:58 of 2nd period - Shot Misses the Net.
14:00 of 2nd period - Snap shot by Elias Lindholm.
14:00 of 2nd period - Deflect By Tyler Bertuzzi.
14:00 of 2nd period - Shot Misses the Net.
14:00 of 2nd period - Puck is out of play.
14:01 of 2nd period - Brayden Point wins face-off versus Elias Lindholm in Washington Capitals zone.
15:45 of 2nd period - Penalty to Brad Marchand is over, Brad Marchand is back on ice.
16:00 of 2nd period - Wrist shot by Brad Marchand.
16:00 of 2nd period - Stopped by Linus Ullmark with a rebound.
16:26 of 2nd period - Snap shot by T.J. Tynan.
16:26 of 2nd period - Shot Misses the Net.
16:36 of 2nd period - Wrist shot by Patrick Kane.
16:36 of 2nd period - Shot Misses the Net.
16:38 of 2nd period - Slapshot by Nick Jensen.
16:38 of 2nd period - Stopped by Linus Ullmark without a rebound.
16:39 of 2nd period - Calle Jarnkrok wins face-off versus Fabian Zetterlund in Philadelphia Flyers zone.
17:10 of 2nd period - Minor Penalty to Nikita Zaitsev for Hooking.
17:11 of 2nd period - Brayden Point wins face-off versus Elias Lindholm in Washington Capitals zone.
17:24 of 2nd period - Snap shot by Tyler Bertuzzi.
17:24 of 2nd period - Deflect By John Carlson.
17:24 of 2nd period - Shot Misses the Net.
17:24 of 2nd period - Puck is out of play.
17:25 of 2nd period - Brayden Point wins face-off versus Elias Lindholm in Washington Capitals zone.
17:46 of 2nd period - Alex Ovechkin is hit by Alexander Edler and loses puck.
19:10 of 2nd period - Penalty to Nikita Zaitsev is over, Nikita Zaitsev is back on ice.
Goals for this period are 1 for Philadelphia Flyers vs 1 for Washington Capitals.
Shots for this period are 4 for Philadelphia Flyers vs 13 for Washington Capitals.
3rd period
0:01 of 3rd period - Brayden Point wins face-off versus Evan Rodrigues in neutral zone.
0:04 of 3rd period - Evan Rodrigues is hit by John Carlson and loses puck.
0:51 of 3rd period - Slapshot by Tomas Tatar.
0:51 of 3rd period - Stopped by Jake Oettinger without a rebound.
0:52 of 3rd period - Brayden Point wins face-off versus Yanni Gourde in Washington Capitals zone.
1:07 of 3rd period - Snap shot by Brayden Point.
1:07 of 3rd period - Shot Misses the Net.
1:09 of 3rd period - Slapshot by Brayden Point.
1:09 of 3rd period - Stopped by Linus Ullmark without a rebound.
1:10 of 3rd period - Elias Lindholm wins face-off versus Nico Hischier in Philadelphia Flyers zone.
1:15 of 3rd period - Nico Hischier is hit by Tyler Bertuzzi.
2:09 of 3rd period - Snap shot by Evgenii Dadonov.
2:09 of 3rd period - Stopped by Jake Oettinger without a rebound.
2:10 of 3rd period - Nico Hischier wins face-off versus Yanni Gourde in Washington Capitals zone.
2:15 of 3rd period - Slapshot by Carter Verhaeghe.
2:15 of 3rd period - Stopped by Jake Oettinger without a rebound.
2:16 of 3rd period - Yanni Gourde wins face-off versus Nico Hischier in Washington Capitals zone.
2:19 of 3rd period - Snap shot by Yanni Gourde.
2:19 of 3rd period - Stopped by Jake Oettinger with a rebound.
2:21 of 3rd period - Snap shot by Yanni Gourde.
2:21 of 3rd period - Stopped by Jake Oettinger with a rebound.
2:23 of 3rd period - Wrist shot by Matt Roy.
2:23 of 3rd period - Shot Misses the Net.
2:25 of 3rd period - Backhand shot by Carter Verhaeghe.
2:25 of 3rd period - Shot Blocked by John Carlson.
2:27 of 3rd period - Backhand shot by Matt Roy.
2:27 of 3rd period - Stopped by Jake Oettinger without a rebound.
2:28 of 3rd period - Patrick Kane wins face-off versus Elias Lindholm in Washington Capitals zone.
2:41 of 3rd period - John Carlson is hit by Matt Roy and loses puck.
2:42 of 3rd period - John Carlson from Washington Capitals is injured at 2:42 of 3rd period (Bruised Right Foot).
2:43 of 3rd period - Yanni Gourde wins face-off versus Brayden Point in Washington Capitals zone.
2:47 of 3rd period - Minor Penalty to Ian Cole for Tripping.
2:48 of 3rd period - Brayden Point wins face-off versus Elias Lindholm in Washington Capitals zone.
2:56 of 3rd period - Slapshot by Justin Faulk.
2:56 of 3rd period - Goal by Justin Faulk - Philadelphia Flyers : 2 - Washington Capitals : 1.
2:57 of 3rd period - Brayden Point wins face-off versus Yanni Gourde in neutral zone.
3:24 of 3rd period - Alexander Barabanov is hit by Brad Marchand and loses puck.
4:32 of 3rd period - Yanni Gourde is hit by Nico Hischier and loses puck.
4:52 of 3rd period - Off-side.
4:53 of 3rd period - Barrett Hayton wins face-off versus Elias Lindholm in neutral zone.
5:20 of 3rd period - Wrist shot by Nico Hischier.
5:20 of 3rd period - Shot Misses the Net.
5:26 of 3rd period - Wrist shot by Jason Robertson.
5:26 of 3rd period - Stopped by Linus Ullmark without a rebound.
5:27 of 3rd period - Yanni Gourde wins face-off versus Brayden Point in Philadelphia Flyers zone.
5:54 of 3rd period - Brad Marchand is hit by Matt Roy and loses puck.
6:05 of 3rd period - Wrist shot by Nico Hischier.
6:05 of 3rd period - Shot Misses the Net.
6:15 of 3rd period - Evgenii Dadonov is hit by Brayden Point and loses puck.
6:20 of 3rd period - Snap shot by Brayden Point.
6:20 of 3rd period - Stopped by Linus Ullmark with a rebound.
6:22 of 3rd period - Snap shot by Nick Jensen.
6:22 of 3rd period - Shot Misses the Net.
6:24 of 3rd period - Slapshot by Nick Jensen.
6:24 of 3rd period - Goal by Nick Jensen - Philadelphia Flyers : 2 - Washington Capitals : 2.
6:25 of 3rd period - Elias Lindholm wins face-off versus Brayden Point in neutral zone.
6:32 of 3rd period - Wrist shot by Tyler Bertuzzi.
6:32 of 3rd period - Deflect By Alexander Barabanov.
6:32 of 3rd period - Stopped by Jake Oettinger without a rebound.
6:33 of 3rd period - Brayden Point wins face-off versus Elias Lindholm in Washington Capitals zone.
6:33 of 3rd period - Brayden Point is hit by Elias Lindholm.
6:49 of 3rd period - Snap shot by Elias Lindholm.
6:49 of 3rd period - Shot Blocked by Patrick Kane.
6:53 of 3rd period - Wrist shot by Elias Lindholm.
6:53 of 3rd period - Shot Misses the Net.
6:55 of 3rd period - Slapshot by Oliver Ekman-Larsson.
6:55 of 3rd period - Deflect By Brayden Point.
6:55 of 3rd period - Stopped by Jake Oettinger without a rebound.
6:56 of 3rd period - Nico Hischier wins face-off versus Yanni Gourde in Washington Capitals zone.
7:05 of 3rd period - Snap shot by Brad Marchand.
7:05 of 3rd period - Stopped by Linus Ullmark with a rebound.
7:07 of 3rd period - Snap shot by Jason Robertson.
7:07 of 3rd period - Stopped by Linus Ullmark with a rebound.
7:09 of 3rd period - Snap shot by Ian Cole.
7:09 of 3rd period - Stopped by Linus Ullmark without a rebound.
7:10 of 3rd period - Brayden Point wins face-off versus Riley Sheahan in Philadelphia Flyers zone.
7:46 of 3rd period - Slapshot by Evan Rodrigues.
7:46 of 3rd period - Stopped by Jake Oettinger without a rebound.
7:47 of 3rd period - Elias Lindholm wins face-off versus Brayden Point in Washington Capitals zone.
8:19 of 3rd period - Snap shot by Yanni Gourde.
8:19 of 3rd period - Shot Misses the Net.
8:21 of 3rd period - Snap shot by Matt Roy.
8:21 of 3rd period - Stopped by Jake Oettinger without a rebound.
8:22 of 3rd period - Nico Hischier wins face-off versus Marcus Johansson in Washington Capitals zone.
8:31 of 3rd period - Slapshot by Alexander Edler.
8:31 of 3rd period - Shot Blocked by Jason Robertson.
8:33 of 3rd period - Wrist shot by T.J. Tynan.
8:33 of 3rd period - Shot Hit the Post.
8:35 of 3rd period - Snap shot by Marcus Johansson.
8:35 of 3rd period - Shot Misses the Net.
8:37 of 3rd period - Snap shot by T.J. Tynan.
8:37 of 3rd period - Shot Misses the Net.
9:00 of 3rd period - Derrick Pouliot is hit by Brayden Point and loses puck.
9:13 of 3rd period - Barrett Hayton is hit by Tyler Bertuzzi and loses puck.
9:18 of 3rd period - Snap shot by Tyler Bertuzzi.
9:18 of 3rd period - Deflect By Alexander Barabanov.
9:18 of 3rd period - Shot Blocked by Barrett Hayton.
9:18 of 3rd period - Puck is out of play.
9:19 of 3rd period - Elias Lindholm wins face-off versus Brayden Point in Washington Capitals zone.
9:20 of 3rd period - Snap shot by Tyler Bertuzzi.
9:20 of 3rd period - Deflect By Alexander Barabanov.
9:20 of 3rd period - Shot Misses the Net.
9:20 of 3rd period - Puck is out of play.
9:21 of 3rd period - Brayden Point wins face-off versus Elias Lindholm in Washington Capitals zone.
9:26 of 3rd period - Slapshot by Brayden Point.
9:26 of 3rd period - Deflect By Oliver Ekman-Larsson.
9:26 of 3rd period - Shot Misses the Net.
9:26 of 3rd period - Puck is out of play.
9:27 of 3rd period - Patrick Kane wins face-off versus Elias Lindholm in Philadelphia Flyers zone.
10:50 of 3rd period - Wrist shot by Patrick Kane.
10:50 of 3rd period - Shot Blocked by Oliver Ekman-Larsson.
10:52 of 3rd period - Slapshot by Connor Murphy.
10:52 of 3rd period - Deflect By Alex Ovechkin.
10:52 of 3rd period - Shot Blocked by Tyler Bertuzzi.
10:52 of 3rd period - Puck is out of play.
10:53 of 3rd period - Yanni Gourde wins face-off versus Jason Robertson in Philadelphia Flyers zone.
11:19 of 3rd period - Nico Hischier is hit by Justin Faulk and loses puck.
11:46 of 3rd period - Derrick Pouliot is hit by Jordan Kyrou and loses puck.
12:12 of 3rd period - Alexander Edler is hit by Connor Murphy and loses puck.
12:41 of 3rd period - Off-side.
12:42 of 3rd period - Riley Sheahan wins face-off versus Owen Tippett in neutral zone.
12:45 of 3rd period - Snap shot by T.J. Tynan.
12:45 of 3rd period - Shot Misses the Net.
12:54 of 3rd period - Icing by Marcus Johansson.
12:55 of 3rd period - Nico Hischier wins face-off versus Riley Sheahan in Philadelphia Flyers zone.
13:48 of 3rd period - Wrist shot by Yanni Gourde.
13:48 of 3rd period - Shot Misses the Net.
14:02 of 3rd period - Evgenii Dadonov is hit by Ian Cole.
14:45 of 3rd period - Snap shot by Drake Batherson.
14:45 of 3rd period - Shot Misses the Net.
15:53 of 3rd period - Minor Penalty to Dylan DeMelo for Boarding.
15:54 of 3rd period - Brayden Point wins face-off versus Elias Lindholm in Washington Capitals zone.
16:01 of 3rd period - Wrist shot by Tyler Bertuzzi.
16:01 of 3rd period - Shot Misses the Net.
16:03 of 3rd period - Wrist shot by Elias Lindholm.
16:03 of 3rd period - Shot Misses the Net.
16:05 of 3rd period - Snap shot by Alexander Edler.
16:05 of 3rd period - Stopped by Jake Oettinger with a rebound.
16:07 of 3rd period - Snap shot by Tyler Bertuzzi.
16:07 of 3rd period - Deflect By Elias Lindholm.
16:07 of 3rd period - Shot Blocked by Brayden Point.
16:07 of 3rd period - Puck is out of play.
16:08 of 3rd period - Brayden Point wins face-off versus Elias Lindholm in Washington Capitals zone.
17:30 of 3rd period - Brayden Point is hit by Oliver Ekman-Larsson and loses puck.
17:53 of 3rd period - Penalty to Dylan DeMelo is over, Dylan DeMelo is back on ice.
18:12 of 3rd period - Nick Jensen is hit by Carter Verhaeghe and loses puck.
18:37 of 3rd period - Evgenii Dadonov is hit by Nick Jensen and loses puck.
19:21 of 3rd period - Evan Rodrigues is hit by Dylan DeMelo and loses puck.
Goals for this period are 1 for Philadelphia Flyers vs 1 for Washington Capitals.
Shots for this period are 12 for Philadelphia Flyers vs 7 for Washington Capitals.
Overtime #1
0:01 of 1st overtime period - Yanni Gourde wins face-off versus Brayden Point in neutral zone.
0:03 of 1st overtime period - Off-side.
0:04 of 1st overtime period - Brayden Point wins face-off versus Yanni Gourde in neutral zone.
0:21 of 1st overtime period - Snap shot by Brayden Point.
0:21 of 1st overtime period - Stopped by Linus Ullmark without a rebound.
0:22 of 1st overtime period - Brayden Point wins face-off versus Elias Lindholm in Philadelphia Flyers zone.
0:45 of 1st overtime period - Snap shot by Carter Verhaeghe.
0:45 of 1st overtime period - Shot Misses the Net.
1:09 of 1st overtime period - Slapshot by Brad Marchand.
1:09 of 1st overtime period - Shot Blocked by Yanni Gourde.
1:11 of 1st overtime period - Wrist shot by Patrick Kane.
1:11 of 1st overtime period - Stopped by Linus Ullmark with a rebound.
1:21 of 1st overtime period - Alex Ovechkin is hit by Justin Faulk and loses puck.
2:19 of 1st overtime period - Slapshot by Alexander Barabanov.
2:19 of 1st overtime period - Shot Misses the Net.
2:50 of 1st overtime period - Icing by Justin Faulk.
2:51 of 1st overtime period - Carter Verhaeghe wins face-off versus Brayden Point in Philadelphia Flyers zone.
3:32 of 1st overtime period - Oliver Ekman-Larsson is hit by Patrick Kane and loses puck.
4:09 of 1st overtime period - Drake Batherson is hit by Ben Chiarot and loses puck.
4:40 of 1st overtime period - Carter Verhaeghe is hit by Ian Cole and loses puck.
4:47 of 1st overtime period - Drake Batherson is hit by Yanni Gourde and loses puck.
4:58 of 1st overtime period - Derrick Pouliot is hit by Nikita Zaitsev and loses puck.
Goals for this period are 0 for Philadelphia Flyers vs 0 for Washington Capitals.
Shots for this period are 0 for Philadelphia Flyers vs 2 for Washington Capitals.
ShootOut
5:00 of 1st overtime period - Round #1.
5:00 of 1st overtime period - Philadelphia Flyers, Evgenii Dadonov.
5:00 of 1st overtime period - Snap shot by Evgenii Dadonov.
5:00 of 1st overtime period - Shot Misses the Net.
5:00 of 1st overtime period - Washington Capitals, Brayden Point.
5:00 of 1st overtime period - Wrist shot by Brayden Point.
5:00 of 1st overtime period - Stopped by Linus Ullmark.
5:00 of 1st overtime period - Round #2.
5:00 of 1st overtime period - Philadelphia Flyers, Evan Rodrigues.
5:00 of 1st overtime period - Deke by Evan Rodrigues.
5:00 of 1st overtime period - Stopped by Jake Oettinger.
5:00 of 1st overtime period - Washington Capitals, Alex Ovechkin.
5:00 of 1st overtime period - Wrist shot by Alex Ovechkin.
5:00 of 1st overtime period - Stopped by Linus Ullmark.
5:00 of 1st overtime period - Round #3.
5:00 of 1st overtime period - Philadelphia Flyers, Calle Jarnkrok.
5:00 of 1st overtime period - Deke by Calle Jarnkrok.
5:00 of 1st overtime period - Shot Misses the Net.
5:00 of 1st overtime period - Washington Capitals, Patrick Kane.
5:00 of 1st overtime period - Deke by Patrick Kane.
5:00 of 1st overtime period - Stopped by Linus Ullmark.
5:00 of 1st overtime period - Round #4.
5:00 of 1st overtime period - Philadelphia Flyers, Ben Chiarot.
5:00 of 1st overtime period - Wrist shot by Ben Chiarot.
5:00 of 1st overtime period - Stopped by Jake Oettinger.
5:00 of 1st overtime period - Washington Capitals, Brad Marchand.
5:00 of 1st overtime period - Deke by Brad Marchand.
5:00 of 1st overtime period - Stopped by Linus Ullmark.
5:00 of 1st overtime period - Round #5.
5:00 of 1st overtime period - Philadelphia Flyers, Matt Roy.
5:00 of 1st overtime period - Snap shot by Matt Roy.
5:00 of 1st overtime period - Stopped by Jake Oettinger.
5:00 of 1st overtime period - Washington Capitals, Jason Robertson.
5:00 of 1st overtime period - Wrist shot by Jason Robertson.
5:00 of 1st overtime period - Goal by Jason Robertson.
Back to the Top